details: '7-0 rage'

« prev index next »

General information

Mini Map

Players

team 1
Random» Humanonelifeonedeath (green | 30 APM | 188 actions | 06:15)
Hero icon 2 Archmage
Ability icon 1 Summon Water Elemental
Ability icon 1 Brilliance Aura

» actions
Build / train36
Enter build submenu9
Enter hero's abilities submenu2
Right click43
Select / deselect69
Use ability29
188 total
» units
Peasant14
Footman12
Crypt Fiend2
28 total
» upgrades
Masonry1
Defend1
2 total
» buildings
Lumber Mill1
Farm8
Scout Tower6
Barracks2
Altar of Kings1
Guard Tower3
21 total
» build order
01:08 Lumber Mill
01:30 Farm
01:52 Farm
02:16 Scout Tower
02:17 Scout Tower
02:18 Scout Tower
02:31 Barracks
02:32 Barracks
02:36 Altar of Kings
02:43 Guard Tower
02:55 Guard Tower
03:03 Guard Tower
03:09 Farm
03:10 Farm
03:10 Farm
03:11 Farm
03:11 Farm
03:19 Farm
06:13 Scout Tower
06:14 Scout Tower
06:14 Scout Tower
UndeadTwizard (teal | 41 APM | 184 actions | 04:30)
Hero icon 1 Lich
Ability icon 1 Frost Nova

» actions
Build / train13
Enter build submenu6
Enter hero's abilities submenu1
Right click111
Select / deselect44
Use ability9
184 total
» units
Acolyte2
Ghoul2
Crypt Fiend5
9 total
» buildings
Crypt1
Graveyard1
Altar of Darkness1
Ziggurat2
Tomb of Relics1
Halls of the Dead1
7 total
» build order
00:15 Crypt
00:39 Graveyard
01:03 Altar of Darkness
01:05 Ziggurat
01:28 Tomb of Relics
01:51 Ziggurat
04:22 Halls of the Dead
» items
Rod of Necromancy1
1 total
HumanMuffinhead (pink | 50 APM | 311 actions | 06:15)
Hero icon 2 Mountain King
Ability icon 1 Storm Bolt
Ability icon 1 Bash

» actions
Assign group hotkey7
Basic commands9
Build / train25
Enter build submenu11
Enter hero's abilities submenu2
Give item / drop item1
Remove unit from queue4
Right click139
Select / deselect62
Select group hotkey37
Use ability14
311 total
» units
Peasant9
Rifleman6
15 total
» upgrades
Gunpowder1
1 total
» buildings
Scout Tower1
Altar of Kings1
Farm5
Arcane Tower1
Blacksmith1
Barracks1
Arcane Vault1
Town Hall1
12 total
» build order
00:24 Scout Tower
00:51 Altar of Kings
00:55 Farm
01:04 Arcane Tower
01:43 Blacksmith
01:52 Barracks
02:12 Farm
02:14 Farm
02:15 Farm
02:17 Farm
03:04 Arcane Vault
04:55 Town Hall
» items
Scroll of Regeneration1
1 total
NightElfIgni50 (purple | 38 APM | 238 actions | 06:15)
Hero icon 2 Pandaren Brewmaster
Ability icon 1 Breath of Fire
Ability icon 1 Drunken Haze

» actions
Assign group hotkey10
Basic commands10
Build / train27
Enter build submenu10
Enter hero's abilities submenu2
Remove unit from queue1
Right click60
Select / deselect41
Select group hotkey66
Use ability11
238 total
» units
Wisp10
Archer8
18 total
» upgrades
Strength of the Moon1
Ultravision1
Improved Bows1
3 total
» buildings
Moon Well3
Altar of Elders1
Ancient of War1
Tree of Ages1
Hunter's Hall1
Ancient of Wonders1
Tree of Eternity1
9 total
» build order
00:28 Moon Well
00:35 Altar of Elders
01:38 Ancient of War
01:40 Moon Well
03:08 Tree of Ages
03:12 Moon Well
04:00 Hunter's Hall
04:51 Ancient of Wonders
05:59 Tree of Eternity
team 2
Random» NightElfTheLaw (red | 63 APM | 354 actions | 05:39)
Hero icon 1 Mountain King
Ability icon 1 Storm Bolt
Hero icon 2 Demon Hunter
Ability icon 1 Immolation
Ability icon 1 Mana Burn

» actions
Assign group hotkey28
Basic commands1
Build / train62
Enter build submenu20
Enter hero's abilities submenu3
Right click87
Select / deselect104
Select group hotkey27
Use ability22
354 total
» units
Wisp24
Peasant4
Footman12
Archer15
55 total
» buildings
Tree of Life1
Barracks1
Farm5
Altar of Elders2
Moon Well5
Ancient of War4
Tree of Ages1
19 total
» build order
01:09 Tree of Life
01:12 Barracks
01:13 Farm
01:24 Altar of Elders
01:25 Moon Well
01:26 Ancient of War
01:39 Farm
01:51 Moon Well
01:57 Altar of Elders
02:23 Moon Well
02:32 Ancient of War
02:41 Farm
03:09 Ancient of War
03:17 Moon Well
03:48 Ancient of War
04:31 Moon Well
04:45 Farm
04:47 Farm
04:52 Tree of Ages
Random» HumanImAStar (blue | 33 APM | 18 actions | 00:33)

» actions
Build / train4
Enter build submenu3
Right click5
Select / deselect4
Use ability2
18 total
» units
Peasant4
4 total
» buildings
Altar of Kings1
Farm1
2 total
» build order
00:17 Altar of Kings
00:23 Farm
Random» NightElfDharma (orange | 41 APM | 18 actions | 00:26)

» actions
Build / train3
Right click5
Select / deselect10
18 total
» units
Wisp3
3 total
HumanHomerSimpson (yellow | 0 APM | 2 actions | 06:15)

» actions
Select / deselect2
2 total

Chat log

(00:08 / All) Twizard: coming for you dharma
(00:09 / All) onelifeonedeath: it must be karma
(00:10 / Allies) TheLaw: oj
(00:11 / Allies) TheLaw: take mine
(00:16 / Allies) TheLaw: take mine
(00:19 / Allies) TheLaw: this kids a fucking loser
(00:30 / All) Twizard: lol pussy
(00:41 / All) TheLaw: 7/0
(00:44 / All) TheLaw: ruined because some fucking fag
(00:48 / All) TheLaw: aint that some shit
(00:48 / All) Twizard: its team
(00:49 / All) onelifeonedeath: down the drain
(00:51 / All) Twizard: go lay solo
(00:53 / All) onelifeonedeath: drain the swamp
(00:56 / All) Twizard: dont complain

(05:29 / All) TheLaw: lucky fucks